AoeStats
← Sab_Anubis

Arabia

510123545Analyzed
1v1 RM · 3d ago on Sep 29, 2026· 48m 40s· 2 players
Game mode
Random Map
Map size
Tiny (2 player)
Population
200
Speed
Normal
Resources
Standard
Victory
Conquest
Starting age
Dark Age
Ending age
Imperial Age
RankedLock teamsTeams togetherTeam positionsShared explorationLock speedFull tech treeHidden civsTurbo modeCheats
Victory
Defeat
🇺🇸 Danes · United States
934
+17
🇷🇺 Gurjaras · Russia
954
-17
Hygge Prisoner
10:57 Feudal Age
11:37 Double-Bit Axe
11:16 Man-at-Arms
12:15 Arson
14:50 Loom
16:12 Fletching
17:07 Wheelbarrow
20:45 Forging
24:25 Castle Age
23:19 Horse Collar
25:32 Bow Saw
26:50 Hand Cart
30:57 Squires
30:58 Scale Mail Armor
32:00 Town Watch
32:47 Bodkin Arrow
33:15 Ballistics
33:05 Masonry
35:49 Iron Casting
36:10 Heavy Plow
36:03 Stone Mining
36:04 Gold Mining
36:38 Town Patrol
38:07 Chain Mail Armor
40:02 Devotion
43:52 Imperial Age
42:13 Hamask
44:08 Stone Shaft Mining
45:21 Plate Mail Armor
46:27 Blast Furnace
46:07 Conscription
45:14 Elite Varangian Guard
46:50 Siege Engineers
48:12 Gold Shaft Mining
Sab_Anubis
9:41 Loom
12:11 Feudal Age
18:29 Scale Barding Armor
18:34 Forging
22:58 Castle Age
21:06 Double-Bit Axe
30:59 Horse Collar
31:57 Arson
36:09 Redemption
38:05 Scale Mail Armor
42:01 Imperial Age
41:44 Thumb Ring
42:57 Wheelbarrow
43:24 Conscription
45:05 Town Watch
45:42 Hand Cart
46:56 Heavy Plow
47:09 Bow Saw
Connection lost

Rejoining the realm…

Still unreachable

The connection could not be restored.

Session expired

The server has moved on; the page needs a fresh start.